Map: Frozen Temple

Players

ArtVandelay - Winner!

  • Race: Zerg Zerg
  • League: Gold

Nickos

  • Race: Terran Terran
  • League: Gold

VOD

Have the link to the VOD?

Description

Time

  • Played on: Sept. 30, 2016, 1:29 a.m.
  • Length: 6:18
Show
View Real Time Build Order
Export as new Build Order

ArtVandelay Zerg - Winner!

Build Orders: Pool First, Zergling Baneling 

Get SALT Encoding   

  12  0:01  Drone  
  13  0:17  Drone  
  13  0:20  Overlord  
  14  0:35  Spawning Pool  
  14  0:39  Drone  
  14  0:42  Drone  
  15  0:46  Drone  
  16  0:53  Drone  
  17  1:01  Drone  
  18  1:08  Extractor  
  17  1:19  Hatchery  
  16  1:27  Drone x2  
  18  1:35  Queen  
  21  1:40  Zergling x2  
  21  1:45  Drone  
  22  1:59  Overlord  
  22  2:08  Overlord  
  22  2:22  Zergling x2  
  23  2:26  Metabolic Boost  
  23  2:32  Queen, Zergling x4  
  27  2:38  Drone  
  28  2:48  Baneling Nest  
  27  2:52  Zergling x8  
  31  2:59  Zergling x4  
  33  3:13  Drone x2  
  33  3:14  Drone  
  36  3:28  Zergling x4  
  36  3:31  Zergling x2  
  39  3:35  Baneling  
  39  3:36  Baneling x6  
  39  3:39  Zergling x6  
  39  3:40  Zergling x2  
  42  4:02  Zergling x10  
  42  4:09  Zergling x4  
  41  4:21  Zergling x4  
  43  4:29  Lair  
  42  4:37  Baneling x3  
  41  4:52  Zergling x2  
  42  4:53  Zergling x2  
  42  4:54  Overlord  
  42  4:55  Overlord x3  
  43  5:05  Baneling  
  43  5:06  Baneling x2  
  43  5:15  Drone x2  
  43  5:16  Drone x4  
  49  5:23  Drone x5  
  49  5:28  Extractor  
  53  5:29  Extractor  
  53  5:34  Evolution Chamber  
  51  5:37  Baneling  
  51  5:38  Baneling x2  
  51  5:45  Drone x5  
Show
View Real Time Build Order
Export as new Build Order

Nickos Terran 

Build Orders:  

Get SALT Encoding   

  12  0:01  SCV  
  13  0:13  SCV  
  14  0:18  Supply Depot  
  14  0:25  SCV  
  15  0:40  SCV  
  15  0:41  Barracks  
  16  0:52  SCV  
  17  1:04  SCV  
  18  1:16  SCV  
  19  1:22  Command Center  
  19  1:31  Orbital Command  
  19  1:33  Marine  
  20  1:48  Barracks  
  20  1:54  Marine  
  20  1:57  Supply Depot, SCV  
  22  2:09  SCV  
  22  2:11  Bunker  
  23  2:17  Marine  
  23  2:21  SCV  
  24  2:27  Barracks  
  24  2:34  SCV  
  24  2:35  Marine  
  26  2:38  Orbital Command  
  26  2:39  Marine  
  27  2:48  SCV  
  28  2:53  Marine  
  28  2:56  Refinery  
  28  2:57  Refinery  
  29  3:00  SCV  
  29  3:03  Marine  
  31  3:06  SCV  
  31  3:12  SCV  
  33  3:15  Marine  
  33  3:18  SCV  
  35  3:24  SCV  
  36  3:28  Barracks Tech Lab  
  36  3:31  SCV  
  37  3:35  Marine x2  
  37  3:36  SCV  
  40  3:43  SCV  
  40  3:47  Marine  
  42  3:48  SCV  
  42  3:52  Marine, Factory  
  42  3:55  SCV  
  44  4:00  SCV  
  38  4:03  Marine  
  35  4:15  Orbital Command  
  29  4:18  Bunker  
  29  4:21  Marine  
  29  4:22  Marine x2  
  28  4:29  SCV  
  29  4:36  Widow Mine  
  31  4:39  Marine x2  
  31  4:40  Starport, Marine  
  31  4:41  SCV  
  35  4:46  SCV  
  36  4:55  SCV  
  36  4:57  Marine  
  38  5:18  SCV  
  38  5:19  SCV  
  40  5:22  Widow Mine, Marauder  
  40  5:25  Marine  
  40  5:26  Barracks Reactor  
  45  5:30  Supply Depot  
  45  5:32  Supply Depot  
  45  5:34  Supply Depot  
  45  5:36  Supply Depot  
  45  5:41  SCV  
  46  5:51  SCV, Marine  
  46  5:52  Marauder  
  46  5:53  SCV  
  54  5:58  Supply Depot  
  50  6:04  Supply Depot  
Tags
 
Add a new tag
Caveats
  • Supply blocks, unpowered buildings, or Contaminate may cause inaccurate times.
  • Supply counts are checked every 10 seconds.